 Dungeon Crawl Stone Soup version 0.18.1-8-gdd0e5ea (webtiles) character file.

156 Wuptiduh the Chiller (level 5, -7/28 HPs)
             Began as a Gargoyle Ice Elementalist on June 4, 2016.
             Mangled by Elizilla's ghost (11 damage)
             ... on level 3 of the Dungeon.
             The game lasted 00:23:47 (4229 turns).

Wuptiduh the Chiller (Gargoyle Ice Elementalist)    Turns: 4229, Time: 00:23:48

Health: -7/28      AC:  6    Str: 11    XL:     5   Next: 37%
Magic:  1/9        EV: 12    Int: 17    God:
Gold:   74         SH:  2    Dex: 10    Spells: 2 memorised, 6 levels left

rFire  . . .     SeeInvis +     d - +0 short sword
rCold  . . .     Gourm    .     a - +0 robe
rNeg   + . .     Faith    .     (no shield)
rPois  ∞         Spirit   .     (no helmet)
rElec  +         Dismiss  .     (no cloak)
rCorr  .         Reflect  +     (no gloves)
SustAt .         Harm     .     (no boots)
MR     .....                    e - +2 amulet of reflection
Stlth  ++........               (no ring)
                                j - ring of see invisible

@: very slightly contaminated, not resistant to hostile enchantments, unstealthy
A: negative energy resistance 1, electricity resistance, unbreathing,
petrification resistance, rot immunity, AC +4
a: no special abilities


You were on level 3 of the Dungeon.
You were not hungry.

You visited 1 branch of the dungeon, and saw 3 of its levels.

You collected 74 gold pieces.

Inventory:

Hand Weapons
 d - a +0 short sword (weapon)
Missiles
 f - 41 arrows
 g - 32 stones (quivered)
Armour
 a - a +0 robe (worn)
Jewellery
 e - a +2 amulet of reflection (around neck)
 j - a ring of see invisible (left hand)
Wands
 p - a wand of digging (9/24)
Scrolls
 k - a scroll of magic mapping
 m - a scroll of recharging
 n - a scroll of identify
Books
 b - a book of Frost

   Spells                             Type                      Level
   a - Freeze                         Ice                          1
   b - Throw Frost                    Conjuration/Ice              2
   c - Ozocubu's Armour               Charms/Ice                   3
   d - Throw Icicle                   Conjuration/Ice              4
   e - Summon Ice Beast               Ice/Summoning                4
Comestibles
 c - 3 bread rations
 h - 3 meat rations
 l - a beef jerky


   Skills:
 + Level 2.7 Dodging
 - Level 2.1 Stealth
 + Level 3.2 Spellcasting
   Level 1.1 Conjurations
 + Level 0.1 Charms
 + Level 4.2 Ice Magic


You had 6 spell levels left.
You knew the following spells:

 Your Spells              Type           Power        Failure   Level  Hunger
a - Freeze                Ice            ###.         2%          1    None
b - Ozocubu's Armour      Chrm/Ice       ##......     21%         3    ###....


Dungeon Overview and Level Annotations

Branches:
Dungeon (3/15)

Altars:
Vehumet

Annotations:
D:3 Elizilla's ghost, amateur TrMo


Innate Abilities, Weirdness & Mutations

You are resistant to torment.
Your stone body is resilient (AC +4).
You are immune to poison.
You resist negative energy.
You are resistant to electric shocks.
You can survive without breathing.
You are immune to petrification.
You are immune to rotting.


Message History

Elizilla's ghost is moderately damaged.
Elizilla's ghost hits you.
* * * LOW HITPOINT WARNING * * *
Casting: Freeze
Confirm with . or Enter, or press ? or * to list all spells.
Aiming: Freeze
Press: ? - help, Shift-Dir - straight line, f/p - Elizilla's ghost
Aim: Elizilla's ghost (moderately damaged)
You freeze Elizilla's ghost.
Elizilla's ghost is heavily damaged.
Elizilla's ghost closely misses you.
Casting: Freeze
Confirm with . or Enter, or press ? or * to list all spells.
Aiming: Freeze
Press: ? - help, Shift-Dir - straight line, f/p - Elizilla's ghost
Aim: Elizilla's ghost (heavily damaged)
You freeze Elizilla's ghost.
Elizilla's ghost is heavily damaged.
Elizilla's ghost hits you!
You die...

###### #S##.### #
#......# #
#..###.###### # #So#
#......# # ##.###.# #.
#.# # #.og..# #. #.# #
# ###S### #. #.# # #
#W# #. #.# # # ###@###
#. #.# # # #.....# #.
#.##### ######
#.###.####.###....÷.
.....# #.#
#.....#......### ####.#
#.###.####.####.## #
####.# #.....####.# #.#
# ..##.#
#########..##.# #.# #
..##.# #..........##.#
#.#### .....#
#.########.##.####.....


You could see Elizilla's ghost, an adder, an orc and a hobgoblin.

Vanquished Creatures
  Natasha (thrice) (D:2)
  3 adders
  A worm (D:2)
  2 giant geckos
  8 bats
  8 goblins
  4 hobgoblins (D:2)
  5 jackals
  6 kobolds
  A quokka (D:3)
  A ball python (D:2)
  2 giant newts (D:2)
  6 rats
50 creatures vanquished.

Notes
Turn   | Place    | Note
--------------------------------------------------------------
     0 | D:1      | Wuptiduh the Gargoyle Ice Elementalist began the quest for the Orb.
     0 | D:1      | Reached XP level 1. HP: 10/10 MP: 3/3
   464 | D:1      | Reached XP level 2. HP: 15/15 MP: 1/5
  1370 | D:2      | Reached XP level 3. HP: 13/19 MP: 1/6
  2210 | D:2      | Noticed Natasha
  2218 | D:2      | Killed Natasha
  2218 | D:2      | Reached XP level 4. HP: 9/24 MP: 3/8
  2406 | D:2      | Learned a level 3 spell: Ozocubu's Armour
  2458 | D:2      | Noticed Natasha
  2482 | D:2      | Killed Natasha
  2482 | D:2      | Reached skill level 4 in Ice Magic
  2805 | D:2      | Found a radiant altar of Vehumet.
  2891 | D:2      | Noticed Natasha
  2901 | D:2      | Killed Natasha
  2901 | D:2      | Reached XP level 5. HP: 17/28 MP: 2/9
  3142 | D:3      | Noticed Elizilla's ghost (amateur TrMo)
  4229 | D:3      | Mangled by Elizilla's ghost

Skill      XL: |  1  2  3  4 |
---------------+-------------+-----
Dodging        | 2 |  2.7
Ice Magic      | 4 |  4.2
Spellcasting   | 3 |  3.2
Stealth        | |  2.1
Conjurations   | |  1.1
Charms         | |  0.1

Action                   |  1- 3 |  4- 6 || total
-------------------------+-------+-------++-------
Melee: Unarmed           |    51 |       ||    51
       Short sword       |    21 |    36 ||    57
 Cast: Freeze            |    39 |    34 ||    73
       Ozocubu's Armour  |       |     4 ||     4
  Use: Scroll            |     4 |     1 ||     5
       Potion            |     2 |     1 ||     3
 Stab: Sleeping          |     2 |     3 ||     5
  Eat: Bread ration      |     1 |     1 ||     2
       Chunk             |       |     4 ||     4
Armor: Robe              |    29 |    48 ||    77
Dodge: Dodged            |    81 |    77 ||   158
Block: Other             |       |    10 ||    10
